 Dungeon Crawl Stone Soup version 0.23-a0-899-gbbae0a3 (webtiles) character file.

Game seed: 131977039649515162

3854 Mgcat the Grappler (level 9, -14/88 HPs)
             Began as a Troll Warper on Jan 29, 2019.
             Was a Follower of Qazlal.
             Demolished by a two-headed ogre
             ... wielding a +0 giant club
              (27 damage)
             ... on level 8 of the Dungeon.
             The game lasted 00:21:05 (7155 turns).

Mgcat the Grappler (Troll Warper)                   Turns: 7155, Time: 00:21:06

Health: -14/88     AC:  8    Str: 24    XL:     9   Next: 99%
Magic:  11/11      EV: 17    Int:  9    God:    Qazlal [*.....]
Gold:   319        SH:  1    Dex: 14    Spells: 9/13 levels left

rFire    . . .     SeeInvis .     - Unarmed
rCold    . . .     Gourm    +   (no shield)
rNeg     + . .     Faith    .   t - +2 robe {Archmagi}
rPois    .         Spirit   .   (helmet restricted)
rElec    .         Reflect  .   (no cloak)
rCorr    .         Harm     .   (gloves unavailable)
MR       .....                  (boots unavailable)
Stlth    ++........             n - amulet of magic regeneration
HPRegen  0.64/turn              e - ring of wizardry {Wiz+, !d}
MPRegen  0.37/turn              g - ring of positive energy {rN+}

@: agile, lightly drained
A: large, unfitting armour, claws 3, fast metabolism 3, gourmand, regeneration
1, shaggy fur 1, tough skin 3
a: Renounce Religion


You were on level 8 of the Dungeon.
You worshipped Qazlal.
Qazlal was aware of your devotion.
You were completely stuffed.

You visited 1 branch of the dungeon, and saw 8 of its levels.
You also visited: Sewer.

You collected 319 gold pieces.

Inventory:

Missiles
 d - 5 tomahawks of dispersal {=f}
 w - 5 tomahawks (quivered)
 y - a throwing net {=f, !d}
Armour
 t - a +2 robe of the Archmagi (worn)
   (You took it off an orc wizard on level 6 of the Dungeon)
Jewellery
 e - a ring of wizardry (left claw) {Wiz+, !d}
   (You found it on level 1 of the Dungeon)
 g - a ring of positive energy (right claw) {rN+}
   (You found it on level 6 of the Dungeon)
 m - an uncursed ring of ice {rC+, rF-}
   (You found it on level 7 of the Dungeon)
 n - an amulet of magic regeneration (around neck)
   (You found it on level 2 of the Dungeon)
Wands
 b - a wand of clouds (10)
   (You took it off Ijyb on level 3 of the Dungeon)
 q - a wand of enslavement (7)
   (You found it on level 5 of the Dungeon)
 v - a wand of digging (5)
   (You took it off an orc on level 5 of the Dungeon)
Scrolls
 c - 3 scrolls of blinking {!r}
 h - 7 scrolls of teleportation
 i - a scroll of immolation {!r}
 j - 3 scrolls of remove curse
 u - a scroll of fear
 A - a scroll of identify
Potions
 k - 5 potions of heal wounds
 l - 4 potions of might
 o - a potion of brilliance
 p - 2 potions of curing
 r - a potion of magic
 s - a potion of haste {unknown}
 z - a potion of cancellation
Comestibles
 f - 18 rations


   Skills:
 - Level 5.0(4.9) Fighting
 - Level 0.8(0.7) Throwing
 - Level 5.0(4.9) Dodging
 - Level 10.0(9.9) Unarmed Combat
 + Level 2.5(2.4) Spellcasting
 - Level 2.0(1.9) Charms
 + Level 3.5(3.4) Translocations
 + Level 2.2(2.1) Invocations


You had 9 spell levels left.
You knew the following spells:

 Your Spells              Type           Power        Failure   Level  Hunger
a - Shroud of Golubria    Chrm/Tloc      #.........   6%          2    ###....
b - Blink                 Tloc           N/A          4%          2    ###....

Your spell library contained the following spells:

 Spells                   Type           Power        Failure   Level  Hunger
 Apportation              Tloc           ##....       3%          1    ##.....
 Gell's Gravitas          Tloc           ##........   10%         3    ####...
 Lesser Beckoning         Tloc           ##........   10%         3    ####...
 Teleport Other           Tloc           ##......     10%         3    ####...
 Animate Skeleton         Necr           N/A          13%         1    ##.....
 Confusing Touch          Hex            #.....       13%         1    ##.....
 Summon Small Mammal      Summ           #...         13%         1    ##.....
 Passage of Golubria      Tloc           N/A          30%         4    #####..


Dungeon Overview and Level Annotations

Branches:
Dungeon (8/15)             Temple (0/1) D:7
   Lair: D:8-11

Altars:
Cheibriados
Fedhas
Okawaru
Qazlal
Wu Jian
Yredelemnul

Shops:
D:4 (

Annotations:
D:7 1 runed translucent door
D:8 1 runed translucent door


Innate Abilities, Weirdness & Mutations

You are too large for most types of armour.
You have claws for hands.
Your metabolism is lightning-fast.
You like to eat raw meat.
Your natural rate of healing is unusually fast.
You are covered in fur. (AC +1)
You have extremely tough skin. (AC +3)


Message History

There is a stone staircase leading down here.
You climb downwards.
There is a stone staircase leading up here.
Found a stone staircase leading down.
There is a stone staircase leading down here.
Found a stone staircase leading down and a stone staircase leading up.
Found a stone staircase leading up.
A worker ant comes into view.
You hear an angry buzzing noise.
You hear two shouts!
You mangle the worker ant!!
You kill the worker ant!
Qazlal accepts your kill.
No target in view!
No target in view!
You butcher the worker ant corpse.
a - a chunk of flesh {@w0} Eating a chunk of flesh {@w0}.
You eat the chunk of flesh {@w0}.
This raw flesh tastes great.
A worker ant comes into view.
The worker ant twitches its antennae in your direction.
The worker ant barely misses you.
You scratch the worker ant but do no damage.
The worker ant waves its antennae.
The worker ant misses you.
You mangle the worker ant!!
You kill the worker ant!
Qazlal accepts your kill.
No target in view!
No target in view!
You butcher the worker ant corpse.
a - 3 chunks of flesh {@w0} Eating one of 3 chunks of flesh {@w0}.
You eat one of the 3 chunks of flesh {@w0}.
This raw flesh tastes great.
Eating one of 2 chunks of flesh {@w0}.
You eat one of the 2 chunks of flesh {@w0}.
This raw flesh tastes great.
A - a scroll of identify You now have 319 gold pieces (gained 18).
Eating a chunk of flesh {@w0}.
You eat the chunk of flesh {@w0}.
This raw flesh tastes great.
A centaur comes into view.
The centaur shouts!
You hear two shouts!
The centaur wields a +0 shortbow.
The centaur shoots an arrow.
The arrow hits you.
You see here an arrow.
Okay, then.
You take 5 damage, and have 83/88 hp.
Spoiler Alert: The centaur is fast and can hit for moderate damage at range!
The centaur shoots an arrow.
The arrow hits you.
Things that are here:
an arrow; a robe You take 3 damage, and have 80/88 hp.
A two-headed ogre comes into view.
It is wielding a +0 giant club and a +0 giant spiked club.
The centaur shoots an arrow.
The arrow hits you!
The centaur shoots an arrow.
The arrow misses you.
You see here an arrow.
The centaur shoots an arrow.
The arrow hits you.
You see here an arrow.
You take 11 damage, and have 69/88 hp.
Spoiler Alert: The centaur is fast and can hit for moderate damage at range!
The centaur shoots an arrow.
The arrow hits you.
You hear a howl!
You see here an arrow.
You take 2 damage, and have 67/88 hp.
You hear a shout!
The centaur unwields a +0 shortbow.
The centaur hits you.
A howler monkey comes into view.
The two-headed ogre hits you with a +0 giant club!
The two-headed ogre hits you with a +0 giant spiked club.
The centaur closely misses you.
You take 19 damage, and have 48/88 hp.
MASSIVE DAMAGE!!
Spoiler Alert: The centaur is fast and can hit for moderate damage at range!
You are too injured to fight recklessly!
You feel agile all of a sudden.
You scratch the two-headed ogre. Your claw misses the two-headed ogre.
The two-headed ogre is lightly wounded.
The two-headed ogre misses you. The two-headed ogre closely misses you.
You barely miss the two-headed ogre.
The two-headed ogre is lightly wounded.
The two-headed ogre hits you with a +0 giant club!
The two-headed ogre hits you with a +0 giant spiked club!
* * * LOW HITPOINT WARNING * * *
You take 25 damage, and have 25/88 hp.
MASSIVE DAMAGE!!
Spoiler Alert: The centaur is fast and can hit for moderate damage at range!
You barely miss the two-headed ogre.
The two-headed ogre is lightly wounded.
You barely miss the two-headed ogre.
The two-headed ogre is lightly wounded.
The two-headed ogre hits you with a +0 giant club!
* * * LOW HITPOINT WARNING * * *
The two-headed ogre barely misses you.
You take 13 damage, and have 12/88 hp.
Spoiler Alert: The centaur is fast and can hit for moderate damage at range!
You claw the two-headed ogre!
The two-headed ogre is heavily wounded.
You scratch the two-headed ogre.
The two-headed ogre is heavily wounded.
The two-headed ogre hits you with a +0 giant club!!
You die...

#. .≈.# ##. .≈.# .. ... .≈.#
...h.#.≈.# #. #..#.##+## #.
#..#.....# #. #..#.....# #.
#.....##.# #. #....cO@.# #.
..###....(#####. ##########.
........(...................
..##.%(########.#######....
##.(.# #.### #(#.#
.#######.# #.#.# ........)#
#.#.# #.#######.# #.#.# #.#
#.###


You could see a two-headed ogre and a centaur.

Vanquished Creatures
  Sigmund (D:5)
  Eustachio (D:6)
  Menkaure (D:7)
  A water moccasin (D:6)
  An orc warrior (D:6)
  A black bear (D:7)
  A sky beast (D:6)
  A phantom (D:6)
  5 ogres
  2 centaurs (D:7)
  4 bullfrogs
  A gnoll sergeant (D:6)
  A water moccasin skeleton (D:4)
  4 scorpions
  11 killer bees (D:7)
  2 howler monkeys (D:6)
  A wight (D:7)
  2 crimson imps
  An orc priest (D:6)
  A bullfrog skeleton (D:5)
  A centaur skeleton (D:6)
  5 hounds
  6 orc wizards
  Ijyb (D:3)
  4 iguanas
  Terence (D:3)
  9 worker ants
  2 hound skeletons
  Robin (D:3)
  10 gnolls
  6 adders
  4 river rats (Sewer)
  3 shadow imps
  5 worms
  2 leopard geckos
  32 orcs
  9 bats
  11 giant cockroaches
  8 goblins
  11 hobgoblins
  6 jackals
  3 quokkas
  6 ball pythons
  9 frilled lizards
  10 kobolds
  A leopard gecko skeleton (D:4)
  A quokka zombie (D:6)
  15 rats
  A spectral orc (D:7)
226 creatures vanquished.

Notes
Turn   | Place    | Note
-------+----------+-------------------------------------------
     0 | D:1      | Mgcat the Troll Warper began the quest for the Orb.
     0 | D:1      | Reached XP level 1. HP: 19/19 MP: 1/1
   253 | D:1      | Reached XP level 2. HP: 27/27 MP: 2/2
   323 | D:1      | Reached skill level 3 in Unarmed Combat
   329 | D:1      | Learned a level 2 spell: Shroud of Golubria
   863 | D:1      | Reached XP level 3. HP: 25/33 MP: 3/3
   921 | D:2      | Reached skill level 4 in Unarmed Combat
  1315 | D:3      | Reached XP level 4. HP: 39/41 MP: 4/4
  1441 | D:3      | Noticed Ijyb
  1453 | D:3      | Killed Ijyb
  1453 | D:3      | Reached skill level 5 in Unarmed Combat
  1491 | D:3      | Noticed Robin
  1511 | D:3      | Killed Robin
  1511 | D:3      | Reached XP level 5. HP: 28/48 MP: 5/5
  1651 | D:3      | Noticed Terence
  1667 | D:3      | Killed Terence
  2401 | D:4      | Noticed an ogre
  2408 | D:4      | Killed an ogre
  2408 | D:4      | Reached skill level 6 in Unarmed Combat
  2424 | D:4      | Reached XP level 6. HP: 43/55 MP: 6/6
  2541 | D:4      | Found Zumipix's Weapon Boutique.
  2655 | D:4      | Found a blossoming altar of Fedhas.
  2664 | D:4      | Reached skill level 7 in Unarmed Combat
  2726 | D:4      | Found a glowing drain.
  2761 | Sewer    | Entered a sewer
  3161 | D:4      | Reached XP level 7. HP: 50/62 MP: 7/7
  3209 | D:4      | Reached skill level 8 in Unarmed Combat
  3715 | D:5      | Entered Level 5 of the Dungeon
  3766 | D:5      | Found an iron altar of Okawaru.
  3980 | D:5      | Learned a level 2 spell: Blink
  4171 | D:5      | Noticed Sigmund
  4197 | D:5      | Killed Sigmund
  4197 | D:5      | Reached skill level 9 in Unarmed Combat
  4310 | D:5      | Reached XP level 8. HP: 55/70 MP: 8/8
  4712 | D:6      | Reached skill level 10 in Unarmed Combat
  4718 | D:6      | Reached skill level 2 in Dodging
  4741 | D:6      | Reached skill level 2 in Fighting
  4933 | D:6      | Reached skill level 3 in Fighting
  4933 | D:6      | Reached skill level 3 in Dodging
  4959 | D:6      | Noticed Eustachio
  5076 | D:6      | Killed Eustachio
  5289 | D:6      | Reached skill level 4 in Dodging
  5397 | D:6      | Reached skill level 4 in Fighting
  5402 | D:6      | Reached XP level 9. HP: 84/84 MP: 9/9
  5704 | D:7      | Noticed Menkaure
  5718 | D:7      | Killed Menkaure
  5767 | D:7      | Reached skill level 5 in Dodging
  5775 | D:7      | Reached skill level 5 in Fighting
  5808 | D:7      | Found a runed translucent door.
  5809 | D:7      | Found a runed translucent door.
  5964 | D:7      | Found a snail-covered altar of Cheibriados.
  5976 | D:7      | Found a stormy altar of Qazlal.
  5979 | D:7      | Became a worshipper of Qazlal Stormbringer
  5988 | D:7      | Reached skill level 1 in Charms
  6015 | D:7      | Found an ornate altar of the Wu Jian Council.
  6056 | D:7      | Found a staircase to the Ecumenical Temple.
  6168 | D:7      | Reached skill level 2 in Spellcasting
  6289 | D:7      | Reached skill level 3 in Translocations
  6295 | D:7      | Reached skill level 1 in Invocations
  6400 | D:7      | Reached skill level 2 in Charms
  6406 | D:7      | Reached skill level 2 in Invocations
  6549 | D:7      | Reached * piety under Qazlal
  6657 | D:7      | Found a basalt altar of Yredelemnul.
  7142 | D:8      | Found a runed translucent door.
  7143 | D:8      | Noticed a two-headed ogre
  7153 | D:8      | HP: 12/88 [two-headed ogre/+0 giant club (14)]
  7155 | D:8      | Demolished by a two-headed ogre

Vault maps used:
D:1:      kennysheep_arrival_seaside, minmay_misc_feat_doors
D:2:      nrook_loot_triangle
D:3:      minmay_evil_eye, serial_co_window_serial, co_window_of_opportunity_a,
          co_window_paths_a, co_window_cross_1, co_window_corner_a,
          co_window_of_opportunity_a, co_window_of_opportunity_b,
          co_window_2corner, co_window_corner_cb, co_window_broadway_b,
          co_window_corner_b, co_window_corner_cb, co_window_broadway_b,
          glass_columns_b, uniq_terence, uniq_robin, uniq_ijyb
D:4:      fedhas_altar_3, cheibrodos_sewer_entry_bend, serial_shops,
          kennysheep_little_box, kennysheep_generic_room_14
D:5:      first_ration, okawaru_gym_becter, uniq_sigmund
D:6:      uniq_eustachio
D:7:      lemuel_insect_pit, yredelemnul_forgotten_temple_becter,
          nicolae_overflow_hidden_temple, kennysheep_mini,
          minmay_temple_entry_drinking_statues, grunt_ogre_cave,
          minmay_fractal_squares_gapless_5, uniq_menkaure
D:8:      nicolae_overflow_crystal_walls, ebering_ghost_reflecting_pool,
          small_chamber_with_monster
Sewer:    sewer_co_cracked_pipes

Skill      XL: |  1  2  3  4  5  6  7  8  9 |
---------------+----------------------------+-----
Unarmed Combat | 3 4 5 6 7 9 10 | 10.0
Dodging        | 4 5 |  5.0
Fighting       | 4 5 |  5.0
Charms         | 2 |  2.0
Spellcasting   | 2 |  2.5
Translocations | 3 |  3.5
Invocations    | 2 |  2.2
Throwing       | |  0.8

Action                   |  1- 3 |  4- 6 |  7- 9 || total
-------------------------+-------+-------+-------++-------
Melee: Unarmed           |   126 |   165 |   410 ||   701
       Punch             |       |     5 |    18 ||    23
 Cast: Shroud of Golubri |    10 |       |     8 ||    18
Evoke: Wand              |       |     1 |       ||     1
  Use: Scroll            |     2 |    10 |     7 ||    19
       Potion            |       |       |     3 ||     3
 Stab: Sleeping          |       |     1 |       ||     1
  Eat: Chunk             |    19 |    17 |    38 ||    74
Armor: Robe              |    81 |    38 |    85 ||   204
       Skin              |       |       |    57 ||    57
Dodge: Dodged            |    90 |    68 |   173 ||   331

Table legend:
 A = Non-vault XP
 B = Vault XP
 C = Vault XP percentage of total XP
 D = Non-vault monster count
 E = Vault monster count
 F = Vault count percentage of total count
                 A         B        C        D         E       F
            +---------+---------+-------+---------+---------+-------
      Total |    4307 |    1200 |  21.8 |     168 |      58 |  25.7
            +---------+---------+-------+---------+---------+-------
        D:1 |      53 |       0 |   0.0 |      30 |       0 |   0.0
        D:2 |      43 |       0 |   0.0 |      10 |       0 |   0.0
        D:3 |      34 |     110 |  76.4 |      13 |      14 |  51.9
        D:4 |     670 |      43 |   6.0 |      23 |       3 |  11.5
        D:5 |     229 |     220 |  49.0 |      20 |       1 |   4.8
        D:6 |    1387 |     182 |  11.6 |      34 |       1 |   2.9
        D:7 |    1824 |     573 |  23.9 |      36 |      18 |  33.3
        D:8 |      67 |       0 |   0.0 |       2 |       0 |   0.0
      Sewer |       0 |      72 | 100.0 |       0 |      21 | 100.0
            +---------+---------+-------+---------+---------+-------

Vault maps used:
D:1:      kennysheep_arrival_seaside, minmay_misc_feat_doors
D:2:      nrook_loot_triangle
D:3:      minmay_evil_eye, serial_co_window_serial, co_window_of_opportunity_a,
          co_window_paths_a, co_window_cross_1, co_window_corner_a,
          co_window_of_opportunity_a, co_window_of_opportunity_b,
          co_window_2corner, co_window_corner_cb, co_window_broadway_b,
          co_window_corner_b, co_window_corner_cb, co_window_broadway_b,
          glass_columns_b, uniq_terence, uniq_robin, uniq_ijyb
D:4:      fedhas_altar_3, cheibrodos_sewer_entry_bend, serial_shops,
          kennysheep_little_box, kennysheep_generic_room_14
D:5:      first_ration, okawaru_gym_becter, uniq_sigmund
D:6:      uniq_eustachio
D:7:      lemuel_insect_pit, yredelemnul_forgotten_temple_becter,
          nicolae_overflow_hidden_temple, kennysheep_mini,
          minmay_temple_entry_drinking_statues, grunt_ogre_cave,
          minmay_fractal_squares_gapless_5, uniq_menkaure
D:8:      nicolae_overflow_crystal_walls, ebering_ghost_reflecting_pool,
          small_chamber_with_monster
Sewer:    sewer_co_cracked_pipes

Table legend:
 A = Turns spent in this place as a percentage of turns spent in the entire game.
 B = Non-inter-level travel turns spent in this place as a percentage of non-inter-level travel turns spent in the entire game.
 C = Inter-level travel turns spent in this place as a percentage of turns spent in this place.
 D = Turns resting spent in this place as a percentage of non-inter-level travel turns spent in this place.
 E = Turns spent auto-exploring this place as a percentage of non-inter-level travel turns spent in this place.
 F = Non-inter-level travel turns spent in this place divided by the number of levels of this place that you've seen.
                   A       B       C       D       E      F
               +-------+-------+-------+-------+-------+----------------------
         Total | 100.0 | 100.0 |   3.9 |   3.5 |  73.4 | 763.9
       Dungeon |  94.9 |  94.7 |   4.1 |   3.7 |  73.9 | 813.8
         Sewer |   5.1 |   5.3 |   0.0 |   0.0 |  65.8 | 365.0
               +-------+-------+-------+-------+-------+----------------------

Table legend:
 A = Kills in this place as a percentage of kills in entire the game.
 B = Kills by you in this place as a percentage of kills by you in the entire game.
 C = Kills by friends in this place as a percentage of kills by friends in the entire game.
 D = Other kills in this place as a percentage of other kills in the entire game.
 E = Experience gained in this place as a percentage of experience gained in the entire game.
 F = Experience gained in this place divided by the number of levels of this place that you have seen.
                   A       B       C       D       E      F
               +-------+-------+-------+-------+-------+----------------------
         Total | 100.0 | 100.0 |   N/A |   N/A | 100.0 | 611.9
       Dungeon |  90.7 |  90.7 |   N/A |   N/A |  98.7 | 679.4
         Sewer |   9.3 |   9.3 |   N/A |   N/A |   1.3 |  72.0
               +-------+-------+-------+-------+-------+----------------------
